Map: Dusk Towers

Players

LilDicky - Winner!

  • Race: Terran Terran
  • League: Diamond

RandomRat

  • Race: Protoss Protoss
  • League: Platinum

VOD

http://www.twitch.tv/tumescentpie

Description

Time

  • Played on: Dec. 10, 2015, 12:18 p.m.
  • Length: 3:47
Show
View Real Time Build Order
Export as new Build Order

LilDicky Terran - Winner!

Build Orders:  

Get SALT Encoding   

  12  0:05  SCV  
  13  0:17  SCV  
  14  0:22  Supply Depot  
  14  0:29  SCV  
  15  0:40  Refinery  
  15  0:44  SCV  
  15  0:47  Barracks  
  16  0:57  SCV  
  17  1:09  SCV  
  18  1:21  SCV  
  19  1:34  Marine  
  19  1:36  Supply Depot, Orbital Command  
  20  1:42  Factory  
  20  1:51  Marine  
  21  2:09  SCV  
  21  2:12  Barracks  
  22  2:16  Barracks Reactor, Barracks  
  22  2:21  SCV  
  23  2:24  Refinery  
  23  2:34  SCV  
  23  2:36  Supply Depot  
  24  2:39  Widow Mine  
  26  2:46  SCV  
  27  2:57  Marine x2  
  29  2:58  SCV  
  29  3:01  Barracks Tech Lab  
  29  3:03  Barracks Tech Lab  
  30  3:07  Engineering Bay  
  30  3:08  Widow Mine  
  31  3:19  Marine x2  
Show
View Real Time Build Order
Export as new Build Order

RandomRat Protoss 

Build Orders:  

Get SALT Encoding   

  12  0:01  Probe (Chrono Boost)  
  13  0:12  Probe (Chrono Boost)  
  14  0:17  Pylon  
  14  0:22  Probe (Chrono Boost)  
  15  0:36  Probe (Chrono Boost)  
  15  0:37  Gateway  
  16  0:46  Probe (Chrono Boost)  
  17  0:52  Assimilator  
  18  0:57  Probe (Chrono Boost)  
  18  1:07  Probe (Chrono Boost)  
  19  1:18  Probe (Chrono Boost)  
  20  1:20  Pylon  
  20  1:24  Cybernetics Core  
  20  1:28  Probe (Chrono Boost)  
  21  1:39  Probe (Chrono Boost)  
  22  1:49  Probe (Chrono Boost)  
  23  1:58  Gateway  
  23  1:59  Gateway  
  23  2:00  Probe (Chrono Boost)  
  23  2:10  Probe (Chrono Boost)  
  24  2:18  Twilight Council  
  24  2:21  Probe  
  25  2:30  Assimilator  
  25  2:33  Probe  
  26  2:45  Stalker  
  9  3:21  Robotics Facility  
Tags
 
Add a new tag
Caveats
  • Supply blocks, unpowered buildings, or Contaminate may cause inaccurate times.
  • Supply counts are checked every 10 seconds.